 Dungeon Crawl Stone Soup version 0.27-a0-1188-g73eefd5def (webtiles) character file.

Game seed: 4517098443781861533

17 Zonian the Caller (level 2, -1/17 HPs)
             Began as a Formicid Summoner on May 22, 2021.
             Was a Follower of Hepliaklqana.
             Slain by an iguana (12 damage)
             ... on level 4 of the Dungeon.
             The game lasted 00:03:39 (2038 turns).

Zonian the Caller (Formicid Summoner)               Turns: 2038, Time: 00:03:40

Health: -1/17      AC:  2    Str: 12    XL:     2   Next: 80%
Magic:  5/5        EV: 12    Int: 14    God:    Hepliaklqana [*.....]
Gold:   40         SH:  0    Dex: 11    Spells: 2/5 levels left

rFire    . . .     SeeInvis +   d - +0 whip
rCold    . . .     Faith    .   (no shield)
rNeg     . . .     Spirit   .   a - +0 robe
rPois    .         Reflect  .   (helmet unavailable)
rElec    .         Harm     .   (no cloak)
rCorr    .         Rampage  .   (no gloves)
Will     .....                  (no boots)
Stlth    ++........             (no amulet)
HPRegen  0.05/turn              i - ring of wizardry
MPRegen  0.09/turn              (no ring)

@: no status effects
A: reduced essence, permanent stasis, dig shafts and tunnels, antennae 3, four
strong arms
a: Dig, Shaft Self, Renounce Religion, Recall Ancestor, Ancestor Identity


You were on level 4 of the Dungeon.
You worshipped Hepliaklqana.
Hepliaklqana was aware of your devotion.
You visited 1 branch of the dungeon, and saw 3 of its levels.

You collected 40 gold pieces.

Inventory:

Hand Weapons
 d - a +0 whip (weapon)
 f - a +0 hunting sling
Missiles
 b - 64 stones
 e - 2 silver javelins
 h - 13 poisoned darts
Armour
 a - a +0 robe (worn)
Jewellery
 i - a ring of wizardry (left hand)
Potions
 j - 2 potions of resistance {unknown}
 k - 2 potions of magic


   Skills:
 + Level 0.1 Maces & Flails
 + Level 2.0 Dodging
 + Level 2.4 Stealth
 + Level 2.4 Spellcasting
 + Level 4.4 Summonings


You had 2 spell levels left.
You knew the following spells:

 Your Spells              Type           Power      Damage    Failure   Level
a - Summon Small Mammal   Summ           56%        N/A       1%          1
b - Call Imp              Summ           14%        N/A       2%          2

Your spell library contained the following spells:

 Spells                   Type           Power      Damage    Failure   Level
 Call Canine Familiar     Summ           14%        N/A       4%          3
 Summon Guardian Golem    Hex/Summ       7%         N/A       12%         3
 Summon Ice Beast         Ice/Summ       7%         N/A       34%         4
 Summon Lightning Spire   Summ/Air       7%         N/A       34%         4


Dungeon Overview and Level Annotations

Branches:
Dungeon (2/15)

Altars:
Hepliaklqana


Innate Abilities, Weirdness & Mutations

Your life essence is reduced to manifest your ancestor. (-10% HP)
You cannot be hasted, slowed, berserked, paralysed or teleported.
You can dig through walls and to a lower floor.
You have a pair of large antennae on your head. (SInv)
Your four strong arms can wield two-handed weapons with a shield.


Message History

The hobgoblin is almost dead.
The hobgoblin closely misses you.
You barely miss the hobgoblin.
The hobgoblin is almost dead.
The hobgoblin hits you.
You hit the hobgoblin.
You kill the hobgoblin!
You see here a hobgoblin corpse.
You start resting.
HP restored.
You start waiting.
Gollum emerges from the mists of memory!
Unknown command.
You swap places.
j - 2 fuming green potions (gained 1)
An iguana and a jackal come into view.
The jackal barks!
A jackal comes into view.
You swap places.
Gollum closely misses the iguana.
You hit the iguana but do no damage. The iguana bites you!
Ouch! That really hurt!
The jackal barely misses Gollum.
A jackal comes into view.
Gollum hits the iguana.
You closely miss the iguana.
The iguana is lightly wounded.
The jackal barely misses Gollum.
The iguana bites you.
* * * LOW HITPOINT WARNING * * *
Gollum hits the iguana.
The jackal barely misses Gollum.
The jackal bites Gollum.
Unknown command.
You feel better. The iguana bites you.
The jackal barely misses Gollum.
The jackal bites Gollum.
Gollum is destroyed!
You hit the iguana but do no damage.
The iguana is lightly wounded.
The iguana bites you!
Ouch! That really hurt!
You die...

####.########†#
#..........##.#######
#..........##........
#..........##..######
####'########..# #.#
#..# #.# #..# #.####
#..#{ #....# #@.#
####.# #l.#
#.#####hh# #.#......#
#.#.####h# #.# .# #.#
.# #.# .. #.# ..


You could see an iguana and 3 jackals.

Vanquished Creatures
  A dart slug (D:2)
  An endoplasm (D:1)
  A giant cockroach (D:1)
  A hobgoblin (D:4)
  A kobold (D:1)
  A bat (D:1)
  2 frilled lizards (D:1)
  A goblin (D:1)
  A rat (D:2)
10 creatures vanquished.

Vanquished Creatures (collateral kills)
  An endoplasm (D:1)
  2 kobolds (D:1)
  A ball python (D:2)
  A bat (D:2)
5 creatures vanquished.

Vanquished Creatures (others)
  4 ancestors
4 creatures vanquished.

Grand Total: 19 creatures vanquished

Notes
Turn   | Place    | Note
-------+----------+-------------------------------------------
     0 | D:1      | Zonian the Formicid Summoner began the quest for the Orb.
     0 | D:1      | Reached XP level 1. HP: 13/13 MP: 3/3
    11 | D:1      | Found a faded altar of an unknown god.
   691 | D:1      | Became a worshipper of Hepliaklqana the Forgotten
   691 | D:1      | Reached * piety under Hepliaklqana
   843 | D:1      | Reached XP level 2. HP: 15/17 MP: 5/5
  1547 | D:2      | Learned a level 2 spell: Call Imp
  1943 | D:2      | You fall into a shaft and drop 2 floors!
  2038 | D:4      | Slain by an iguana

Illustrated notes

Levels and vault maps discovered:
D:1:      lightli_arrival_maybe_door_vault, layout_loops_cross,
          chequers_ecumenical_altar_simple_redux,
          wander_ebering_terrifying_dragon_lair
D:2:      layout_basic
D:4:      layout_basic

Skill      XL: |  1  2 |
---------------+-------+-----
Dodging        | 2 |  2.0
Maces & Flails | |  0.1
Stealth        | |  2.4
Spellcasting   | |  2.4
Summonings     | |  4.4

Action                   || total
-------------------------++-------
Melee: Whip              ||    58
       Unarmed           ||     7
 Cast: Summon Small Mamm ||     2
Invok: Recall Ancestor   ||     2
       Ancestor Identity ||     1
  Use: Scroll            ||     4
       Potion            ||     1
 Stab: Sleeping          ||     2
Armor: Robe              ||    13
Dodge: Dodged            ||    39

Table legend: (Time is in decaauts)
 A = Elapsed time spent in this place.
 B = Non-inter-level travel time spent in this place.
 C = Inter-level travel time spent in this place.
 D = Time resting spent in this place.
 E = Time spent auto-exploring this place.
 F = Levels seen in this place.
 G = Mean time per level.
                   A        B        C        D        E       F      G
               +--------+--------+--------+--------+--------+-----+--------+
         Total |   2042 |   2014 |     28 |    922 |    785 |   3 |  680.7 |
       Dungeon |   2042 |   2014 |     28 |    922 |    785 |   3 |  680.7 |
               +--------+--------+--------+--------+--------+-----+--------+

Top non-repeatable levels by time:
     D:1: 1490 daAuts
     D:2: 456 daAuts
     D:4: 95 daAuts
